 Dungeon Crawl Stone Soup version 0.16.1-2-g95b8d4c (console) character file.

21477 Monkaria the Cleaver (level 12, -3/117 HPs)
             Began as a Deep Dwarf Skald on Mar 24, 2015.
             Was the Champion of Makhleb.
             Slain by a black mamba (14 damage)
             ... on level 4 of the Lair of Beasts.
             The game lasted 00:40:59 (13956 turns).

Monkaria the Cleaver (Deep Dwarf Skald)            Turns: 13956, Time: 00:40:59

Health: -3/117     AC: 16    Str: 16 (17) XL:     12   Next: 54%
Magic:  13/13      EV: 11    Int: 15      God:    Makhleb [******]
Gold:   1092       SH:  0    Dex: 12      Spells: 1 memorised, 13 levels left

rFire  + . .     SeeInvis .     G - +0 broad axe
rCold  . . .     Clarity  .     r - +2 ring mail {MR+}
rNeg   . . .     SustAb   .     (no shield)
rPois  +         Gourm    .     (no helmet)
rElec  .         Spirit   .     P - +0 cloak
rCorr  .         Warding  .     I - +0 pair of gloves
rMut   .         Stasis   .     B - +2 pair of boots {Stlth+}
MR     ++...                    (no amulet)
Stlth  ++........               y - ring of poison resistance
                                J - +3 ring of protection

@: lethally poisoned (-3 -> -3), non-regenerating, very resistant to hostile
enchantments, unstealthy
A: damage resistance, recharge devices, deformed body, deterioration 1, fire
resistance 1, mutation resistance 1, sense surroundings 2, screaming 1, slow
healing 3, spit poison 1, weak 1
a: Device Recharging, Spit Poison, Minor Destruction, Lesser Servant of Makhleb,
Major Destruction, Greater Servant of Makhleb, Renounce Religion


You were on level 4 of the Lair of Beasts.
You worshipped Makhleb.
Makhleb was exalted by your worship.
You were very hungry.

You visited 3 branches of the dungeon, and saw 17 of its levels.

You collected 1092 gold pieces.

Inventory:

Hand weapons
 a - the +4 hand axe of the Eternal Warrior {speed, rN+ MP+9 SInv}
   (You found it on level 10 of the Dungeon)

   Attacks with this weapon are significantly faster.
   It protects you from negative energy.
   It affects your magic capacity (+9).
   It enhances your eyesight.
 G - a +0 broad axe (weapon)
 T - the +8 trident of Boycoabo {venom, Str+3 Dex+6}
   (You found it on level 7 of the Dungeon)

   It poisons the flesh of those it strikes.
   It affects your strength (+3).
   It affects your dexterity (+6).
Armour
 r - a +2 ring mail of magic resistance (worn)
 B - a +2 pair of boots of stealth (worn)
 I - a +0 pair of gloves (worn)
 P - a +0 cloak (worn)
Jewellery
 k - the ring "Playpais" {Fire rPois Str+4}
   (You found it on level 1 of the Lair of Beasts)

   [ring of fire]

   It enhances your fire magic, and weakens your ice magic.
   It affects your strength (+4).
   It protects you from fire.
   It makes you vulnerable to cold.
   It protects you from poison.
 m - an uncursed ring of ice
 y - a ring of poison resistance (right hand)
 J - a +3 ring of protection (left hand)
 M - an uncursed amulet of resist mutation
Magical devices
 d - a wand of heal wounds (5)
 i - a wand of cold (1)
 j - a wand of disintegration (21)
 n - a wand of fireball (4)
 z - a wand of slowing (13)
 W - a wand of flame (13)
 Y - a wand of cold (3)
Scrolls
 c - 2 scrolls of enchant weapon
 g - 2 scrolls of noise {unknown}
 h - 5 scrolls of remove curse
 l - a scroll of blinking
 s - 6 scrolls of fear
 u - 5 scrolls of teleportation
 x - 4 scrolls of identify
 H - 3 scrolls of fog
Potions
 b - 4 potions of brilliance
 e - 10 potions of curing
 p - 4 potions of agility
 q - a potion of restore abilities
 t - 3 potions of resistance
 v - a potion of lignification
 w - a potion of might
 A - 2 potions of berserk rage
 E - a potion of cancellation
 N - a potion of flight
 X - a potion of haste
Comestibles
 f - 12 bread rations
 o - 8 fruits
 C - a meat ration


   Skills:
 - Level 10.3 Fighting
 + Level 13.2 Axes
 - Level 11.1 Armour
 - Level 1.1 Dodging
 - Level 1.7 Spellcasting
 - Level 2.6 Charms
 - Level 11.0 Invocations


You had 13 spell levels left.
You knew the following spells:

 Your Spells              Type           Power        Failure   Level  Hunger
a - Infusion              Chrm           #.....       14%         1    ##.....


Dungeon Overview and Level Annotations

Branches:
Dungeon (11/15)            Temple (1/1) D:5            Lair (5/8) D:8
    Orc (0/4) D:9
  Swamp: Lair:3-6    Shoals: Lair:3-6     Snake: Lair:3-6    Spider: Lair:3-6

Altars:
Ashenzari
Cheibriados
Dithmenos
Elyvilon
Fedhas
Gozag
Kikubaaqudgha
Makhleb
Nemelex Xobeh
Okawaru
Qazlal
Ru
Sif Muna
Trog
Vehumet
Xom
Yredelemnul
Zin
The Shining One


Innate Abilities, Weirdness & Mutations

You are resistant to damage.
You can recharge devices by infusing magical energy.
You passively map the area around you.
You do not heal naturally.
Armour fits poorly on your strangely shaped body.
Your body is slowly deteriorating.
Your flesh is heat resistant.
You are somewhat resistant to further mutation.
You occasionally shout uncontrollably at your foes.
You can spit poison.
You are weak. (Str -2)


Message History

The black mamba completely misses you. The water moccasin bites you.
The black mamba completely misses you.
Unknown command.
You closely miss the black mamba.
The black mamba is almost dead.
You miss the water moccasin.
The water moccasin is severely wounded.
The black mamba bites you but does no damage.
The water moccasin bites you but does no damage.
The black mamba bites you!
* * * LOW HITPOINT WARNING * * *
Evoke which item? (* to show all) (? for menu, Esc to quit)
This wand has no charges.
Unknown command.
Use which ability? (? or * to list) Charge which item? (? for menu, Esc to quit)
Your wand of heal wounds (0) glows for a moment and now has 5 charges.
The water moccasin bites you but does no damage.
The black mamba bites you!
You die...

#######.#..################# ####
.#..##..P.PP#..#.#..#.##P#.###.#.
.................................
...........................###.##
............PP#######.....####.##
.....#.#....P## ### #.....#.##+.#
P.#..###.....# ##.###..........##
#.....#......###S..+........#..#
.......#[....##.@...##....##..##
#.(...##......##S†.P##....###.###
.#P...##.....###...###....##.....
#.....#......# ######P...........
.............#########...........
..............PP..#..............
.................................
.................................
.................................


You could see a black mamba and a water moccasin.

Vanquished Creatures
  2 hydras (Lair:4)
  A catoblepas (Lair:4)
  An unseen horror (D:10)
  3 hill giants
  A manticore (D:11)
  Joseph (D:7)
  2 black mambas
  4 spiny frogs
  Psyche (D:11)
  2 komodo dragons (Lair:2)
  A fire drake (Lair:4)
  A troll (D:10)
  Prince Ribbit (D:6)
  4 blink frogs
  A wyvern (D:10)
  A basilisk (Lair:2)
  12 yaks
  6 hippogriffs
  3 wraiths
  7 porcupines
  6 water moccasins
  10 wolves
  5 orc warriors
  A wasp (D:6)
  2 black bears
  2 centaurs
  3 ogres
  2 phantoms
  3 ice beasts
  3 boring beetles (D:8)
  6 sky beasts
  A big kobold (D:10)
  8 crocodiles
  10 giant frogs
  A wyvern zombie (D:10)
  10 wights (D:11)
  2 scorpions
  An electric eel (Lair:3)
  3 killer bees (D:7)
  2 centaur zombies
  A giant frog zombie (D:9)
  9 hounds
  3 crimson imps
  2 giant frog skeletons
  A gnoll shaman (D:6)
  Crazy Yiuf (D:7)
  5 orc priests
  3 jellies
  11 orc wizards
  3 centaur skeletons
  11 iguanas
  12 sheep
  9 worker ants
  Ijyb (D:3)
  A hound skeleton (D:9)
  A mummy (D:8)
  4 worker ant zombies
  20 adders
  30 river rats
  8 gnolls
  2 giant mites
  6 worms
  2 adder skeletons
  36 orcs
  A bat skeleton (D:7)
  7 giant cockroaches
  17 hobgoblins
  16 kobolds
  9 quokkas
  14 bats
  4 giant geckos
  2 giant newts
  11 goblins
  24 jackals
  A jackal skeleton (D:4)
  A quokka skeleton (D:5)
  16 rats
  A ballistomycete (D:7)
  3 fungi
445 creatures vanquished.

Vanquished Creatures (collateral kills)
  A hydra (Lair:3)
  3 river rats (Lair:3)
4 creatures vanquished.

Vanquished Creatures (others)
  A giant spore (D:7)
  2 ballistomycetes (D:7)
3 creatures vanquished.

Grand Total: 452 creatures vanquished

Notes
Turn   | Place    | Note
--------------------------------------------------------------
     0 | D:1      | Monkaria, the Deep Dwarf Skald, began the quest for the Orb.
     0 | D:1      | Reached XP level 1. HP: 19/19 MP: 2/2
   122 | D:1      | Reached XP level 2. HP: 25/27 MP: 3/3
   393 | D:1      | Reached skill level 3 in Fighting
   545 | D:1      | Reached XP level 3. HP: 21/34 MP: 5/5
   834 | D:2      | Found a snail-covered altar of Cheibriados.
   910 | D:2      | Reached skill level 4 in Fighting
   910 | D:2      | Reached XP level 4. HP: 37/44 MP: 6/6
  1518 | D:2      | Noticed a moth of wrath
  1520 | D:2      | Found a bloodstained altar of Trog.
  1891 | D:3      | Noticed Ijyb
  1917 | D:3      | Killed Ijyb
  1917 | D:3      | Reached XP level 5. HP: 39/50 MP: 6/6
  2614 | D:4      | Found a burning altar of Makhleb.
  2644 | D:4      | Noticed a phantom
  2704 | D:4      | Killed a phantom
  2704 | D:4      | Reached XP level 6. HP: 36/57 MP: 1/7
  2812 | D:4      | Reached skill level 5 in Axes
  3346 | D:4      | Reached skill level 6 in Axes
  3346 | D:4      | Reached XP level 7. HP: 25/64 MP: 7/7
  3444 | D:5      | Entered Level 5 of the Dungeon
  3484 | D:5      | Reached skill level 7 in Axes
  3678 | D:5      | Reached skill level 8 in Axes
  3781 | D:5      | Found a staircase to the Ecumenical Temple.
  4039 | D:5      | Reached XP level 8. HP: 31/72 MP: 8/8
  4170 | D:6      | Reached skill level 9 in Axes
  4257 | D:6      | Noticed Prince Ribbit
  4359 | D:6      | Got a fine plate armour
  4370 | D:6      | Identified the cursed -11 plate armour of Trog's Hope {rElec rF- rCorr Str-3 Dex+7} (You found it on level 6 of the Dungeon)
  4389 | D:6      | Killed Prince Ribbit
  4518 | D:6      | Reached skill level 10 in Axes
  5165 | D:6      | Reached skill level 5 in Armour
  5437 | D:6      | HP: 3/72 [wasp (3)]
  5452 | D:6      | Paralysed by a wasp for 3 turns
  5466 | D:6      | Paralysed by a wasp for 3 turns
  5478 | D:6      | Paralysed by a wasp for 2 turns
  5482 | D:6      | Gained mutation: You passively map the area around you. [level up]
  5482 | D:6      | Reached XP level 9. HP: 37/78 MP: 2/4
  5491 | D:6      | Gained mutation: You are weak. (Str -2) [potion of mutation]
  5491 | D:6      | Gained mutation: You occasionally shout uncontrollably at your foes. [potion of mutation]
  5491 | D:6      | Gained mutation: Your flesh is heat resistant. [potion of mutation]
  5492 | D:6      | Gained mutation: You have a pair of small horns on your head. [potion of mutation]
  5492 | D:6      | Gained mutation: Armour fits poorly on your strangely shaped body. [potion of mutation]
  5492 | D:6      | Gained mutation: You are somewhat resistant to further mutation. [potion of mutation]
  5493 | D:6      | Gained mutation: You can spit poison. [potion of mutation]
  5650 | Temple   | Entered the Ecumenical Temple
  5822 | D:4      | Became a worshipper of Makhleb the Destroyer
  6165 | D:7      | Noticed Joseph
  6219 | D:7      | Killed Joseph
  6246 | D:7      | Found a shadowy altar of Dithmenos.
  6650 | D:7      | Got a faintly glowing trident
  6652 | D:7      | Identified the +8 trident of Boycoabo {venom, Str+3 Dex+6} (You found it on level 7 of the Dungeon)
  6679 | D:7      | Noticed Crazy Yiuf
  6692 | D:7      | Killed Crazy Yiuf
  6960 | D:8      | Found a staircase to the Lair.
  6965 | D:8      | Reached skill level 10 in Armour
  6967 | D:8      | Acquired Makhleb's first power
  7733 | D:9      | Reached skill level 11 in Armour
  7739 | D:9      | Acquired Makhleb's second power
  7741 | D:9      | Reached XP level 10. HP: 26/85 MP: 4/4
  7835 | D:9      | Found a burning altar of Makhleb.
  7837 | D:9      | Found a sparkling altar of Nemelex Xobeh.
  7837 | D:9      | Found a glowing golden altar of the Shining One.
  7837 | D:9      | Found a shimmering altar of Xom.
  7839 | D:9      | Found a deep blue altar of Sif Muna.
  7839 | D:9      | Found a shadowy altar of Dithmenos.
  8008 | D:9      | Found a staircase to the Orcish Mines.
  8380 | D:10     | Entered Level 10 of the Dungeon
  8401 | D:10     | Noticed a hill giant
  8411 | D:10     | Killed a hill giant
  8429 | D:10     | Acquired Makhleb's third power
  8501 | D:10     | Reached skill level 12 in Axes
  8520 | D:10     | Killed an unseen horror
  8541 | D:10     | You fall through a shaft!
  8541 | D:11     | Noticed a hill giant
  8554 | D:11     | Killed a hill giant
  8554 | D:11     | Reached skill level 13 in Axes
  8673 | D:11     | Reached skill level 5 in Fighting
  8745 | D:11     | Noticed a manticore
  8762 | D:11     | Killed a manticore
  8762 | D:11     | Reached XP level 11. HP: 39/97 MP: 5/5
  8987 | D:11     | Acquired Makhleb's fourth power
  9115 | D:11     | Identified a scroll of acquirement
  9311 | D:11     | Noticed Psyche
  9316 | D:11     | Killed Psyche
  9502 | D:10     | Noticed a hill giant
  9511 | D:10     | Killed a hill giant
  9912 | D:10     | Got a transparent hand axe
  9913 | D:10     | Identified the +4 hand axe of the Eternal Warrior {speed, rN+ MP+9 SInv} (You found it on level 10 of the Dungeon)
 10031 | Lair:1   | Entered Level 1 of the Lair of Beasts
 10605 | Lair:1   | Acquired Makhleb's fifth power
 10842 | Lair:1   | Got a transparent pewter ring
 10856 | Lair:1   | Identified the ring "Playpais" {Fire rPois Str+4} (You found it on level 1 of the Lair of Beasts)
 10994 | Lair:1   | Reached skill level 10 in Fighting
 11160 | Lair:2   | Reached skill level 1 in Invocations
 11567 | Lair:2   | Reached XP level 12. HP: 44/117 MP: 9/9
 11631 | Lair:2   | Reached skill level 5 in Invocations
 12135 | Lair:3   | Noticed a seven-headed hydra
 12254 | Lair:3   | Killed a seven-headed hydra
 12997 | Lair:4   | Gained mutation: Your body is slowly deteriorating. [potion of mutation]
 12997 | Lair:4   | Lost mutation: You have a pair of small horns on your head. [potion of mutation]
 13025 | Lair:4   | Noticed a catoblepas
 13070 | Lair:4   | HP: 5/117 [catoblepas (13)]
 13089 | Lair:4   | Killed a catoblepas
 13218 | Lair:4   | Noticed a four-headed hydra
 13230 | Lair:4   | Killed a four-headed hydra
 13239 | Lair:4   | Reached skill level 10 in Invocations
 13249 | Lair:4   | Noticed an eight-headed hydra
 13271 | Lair:4   | Killed an eight-headed hydra
 13956 | Lair:4   | Slain by a black mamba

Action                   |  1- 3 |  4- 6 |  7- 9 | 10-12 || total
-------------------------+-------+-------+-------+-------++-------
Melee: Hand axe          |   169 |   416 |   564 |   388 ||  1537
       Trident           |       |       |    88 |   345 ||   433
       War axe           |       |       |       |   166 ||   166
       Broad axe         |       |       |       |    63 ||    63
 Cast: Infusion          |       |     2 |    11 |       ||    13
Invok: Minor Destruction |       |       |       |    19 ||    19
       Greater Servant o |       |       |       |     1 ||     1
 Abil: Device Recharging |       |     3 |     7 |     3 ||    13
Evoke: Wand              |     4 |    12 |    38 |    24 ||    78
  Use: Scroll            |       |       |    19 |    17 ||    36
       Potion            |       |       |     6 |     7 ||    13
 Stab: Sleeping          |       |       |     2 |     8 ||    10
  Eat: Chunk             |       |     9 |    15 |    25 ||    49
       Meat ration       |       |       |     1 |       ||     1
